 Dungeon Sprint DCSS version 0.23.0 (webtiles) character file.

Game seed: 5044075474425175693

1242 Infinimo the Transmogrifier (level 8, -3/62 HPs)
             Began as a Merfolk Transmuter on Feb 17, 2019.
             Was a Follower of Cheibriados.
             Slain by a centaur warrior (8 damage)
             ... in the Dungeon (Sprint I: "Red Sonja").
             The game lasted 00:02:13 (879 turns).

Infinimo the Transmogrifier (Merfolk Transmuter)     Turns: 879, Time: 00:02:14

Health: -3/62      AC:  2    Str: 16    XL:     8   Next: 49%
Magic:  6/11       EV: 16    Int: 15    God:    Cheibriados [*.....]
Gold:   415        SH:  0    Dex: 17    Spells: 2/11 levels left

rFire    . . .     SeeInvis .     - Unarmed
rCold    . . .     Gourm    .   (shield currently unavailable)
rNeg     . . .     Faith    .   b - +0 robe
rPois    .         Spirit   .   (no helmet)
rElec    .         Reflect  .   (no cloak)
rCorr    .         Harm     .   (gloves currently unavailable)
MR       .....     NoTele   +   (no boots)
Stlth    ++........             (no amulet)
HPRegen  0.20/turn              (no ring)
MPRegen  0.12/turn              (no ring)

@: blade hands, very slow
A: change form in water, swift swim, stealthy swim
a: End Transformation, Bend Time, Renounce Religion


You were in the Dungeon.
You worshipped Cheibriados.
Cheibriados was aware of your devotion.
You were hungry.
You had blades for hands.
You visited 1 branch You collected 415 gold pieces.

Inventory:

Missiles
 a - 12 arrows
Armour
 b - a +0 robe (worn)
Scrolls
 j - a scroll of blinking
Potions
 e - a potion of curing
 f - a potion of heal wounds
 g - a potion of haste
 h - 2 potions of magic
Comestibles
 d - a ration


   Skills:
 + Level 5.1 Fighting
 + Level 6.6 Dodging
 * Level 13.9 Unarmed Combat
 - Level 2.0 Spellcasting
 - Level 14.1 Transmutations


You had 2 spell levels left.
You knew the following spells:

 Your Spells              Type           Power        Failure   Level  Hunger
a - Beastly Appendage     Tmut           #####.       6%          1    #......
b - Spider Form           Tmut/Pois      ###.......   28%         3    ###....
c - Blade Hands           Tmut           #####.....   21%         5    ######.

Your spell library contained the following spells:

 Spells                   Type           Power        Failure   Level  Hunger
 Sticks to Snakes         Tmut           #####...     7%          2    ###....
 Ice Form                 Ice/Tmut       ###.....     50%         4    #####..


Dungeon Overview and Level Annotations

Branches:
Dungeon (1/1)

Altars:
Cheibriados
Dithmenos
Elyvilon
Fedhas
Gozag
Hepliaklqana
Kikubaaqudgha
Makhleb
Nemelex Xobeh
Okawaru
Qazlal
Ru
Sif Muna
Trog
Uskayaw
Vehumet
Wu Jian
Xom
Yredelemnul
Zin
The Shining One
Jiyva
Lugonu

Shops:
D (


Message History

You see here an arrow.
There is an open door here.
Casting: Blade Hands (safe; 1% risk of failure)
Confirm with . or Enter, or press ? or * to list all spells.
Your hands turn into razor-sharp scythe blades.
You are feeling hungry.
The centaur warrior shoots an arrow.
The arrow hits you!
The centaur warrior shoots an arrow.
The arrow hits you!
There is an open door, spattered with blood here.
You see here 2 arrows.
The centaur warrior unwields a +0 longbow.
The centaur warrior hits you!
* * * LOW HITPOINT WARNING * * *
The centaur warrior hits you!
* * * LOW HITPOINT WARNING * * *
You see here an arrow.
You shred the centaur warrior!!!
The centaur warrior is almost dead.
The centaur warrior hits you!
You die...

##########################
#<.#..').#.)(@c#__#..+ss.#
#..').#..'..#(.'..'.[#...#
#..#####'#####'#__####..sss.#
#..####..#...#.####??#####.s+
#..#__####..##§#§§≈§ ##
#..#_____##'#_§§§≈§§
#⌠⌠#_.∩...'..._#≈§≈.c#
####_..__##_.#+##+####
#_____###+#


You could see a centaur warrior.

Vanquished Creatures
  2 kobold demonologists (D)
  A slime creature (D)
  Sigmund (D)
  A yak (D)
  A floating eye (D)
  An ogre (D)
  A jelly (D)
  Ijyb (D)
9 creatures vanquished.

Notes
Turn   | Place    | Note
-------+----------+-------------------------------------------
     0 | D        | Infinimo the Merfolk Transmuter began the quest for the
                  | Orb.
     0 | D        | Reached XP level 1. HP: 15/15 MP: 3/3
     2 | D        | Noticed Ijyb
    10 | D        | Killed Ijyb
    10 | D        | Reached skill level 5 in Unarmed Combat
    10 | D        | Reached skill level 6 in Transmutations
    10 | D        | Reached XP level 2. HP: 19/21 MP: 5/5
    10 | D        | Reached XP level 3. HP: 24/26 MP: 6/6
    11 | D        | Noticed an ogre
    15 | D        | Killed an ogre
    15 | D        | Reached skill level 9 in Transmutations
    15 | D        | Reached XP level 4. HP: 30/32 MP: 7/7
   130 | D        | Learned a level 3 spell: Spider Form
   132 | D        | Noticed Sigmund
   137 | D        | Killed Sigmund
   137 | D        | Reached skill level 10 in Unarmed Combat
   137 | D        | Reached skill level 11 in Transmutations
   137 | D        | Reached XP level 5. HP: 37/37 MP: 4/8
   137 | D        | Reached XP level 6. HP: 43/43 MP: 4/9
   204 | D        | Found a deep blue altar of Sif Muna.
   206 | D        | Found an ornate altar of the Wu Jian Council.
   207 | D        | Found a radiant altar of Vehumet.
   254 | D        | Found Toenar's Weapon Emporium.
   254 | D        | Found an ancient bone altar of Kikubaaqudgha.
   254 | D        | Found a hazy altar of Hepliaklqana.
   254 | D        | Found a hide-covered altar of Uskayaw.
   254 | D        | Found a basalt altar of Yredelemnul.
   254 | D        | Found an opulent altar of Gozag.
   254 | D        | Found a snail-covered altar of Cheibriados.
   254 | D        | Found a sacrificial altar of Ru.
   254 | D        | Found a shadowy altar of Dithmenos.
   254 | D        | Noticed a yak
   264 | D        | Killed a yak
   264 | D        | Reached skill level 13 in Transmutations
   264 | D        | Reached XP level 7. HP: 26/48 MP: 6/10
   265 | D        | Found a stormy altar of Qazlal.
   265 | D        | Found a blossoming altar of Fedhas.
   265 | D        | Found a bloodstained altar of Trog.
   265 | D        | Found an iron altar of Okawaru.
   265 | D        | Found a glowing golden altar of the Shining One.
   265 | D        | Found a glowing silver altar of Zin.
   265 | D        | Found a white marble altar of Elyvilon.
   266 | D        | Found a sparkling altar of Nemelex Xobeh.
   410 | D        | Became a worshipper of Cheibriados the Contemplative
   423 | D        | Found a burning altar of Makhleb.
   423 | D        | Found a viscous altar of Jiyva.
   423 | D        | Found a shimmering altar of Xom.
   423 | D        | Found a corrupted altar of Lugonu.
   423 | D        | Noticed a slime creature
   433 | D        | Killed a slime creature
   433 | D        | Reached skill level 14 in Transmutations
   573 | D        | Learned a level 5 spell: Blade Hands
   586 | D        | Noticed a kobold demonologist
   588 | D        | Noticed a rust devil
   589 | D        | Noticed a kobold demonologist
   595 | D        | Paralysed by a floating eye for 2 turns
   599 | D        | Noticed a sixfirhy
   602 | D        | Killed a kobold demonologist
   602 | D        | Reached skill level 5 in Dodging
   602 | D        | Reached XP level 8. HP: 10/60 MP: 6/11
   604 | D        | Killed a kobold demonologist
   604 | D        | Reached * piety under Cheibriados
   605 | D        | Reached skill level 5 in Fighting
   606 | D        | Noticed a demonic crawler
   606 | D        | Noticed a demonic crawler
   606 | D        | Noticed a demonic crawler
   606 | D        | Noticed a demonic crawler
   869 | D        | Noticed a centaur warrior
   879 | D        | Slain by a centaur warrior

Skill      XL: |  1  2  3  4  5  6  7  8 |
---------------+-------------------------+-----
Unarmed Combat | 5 8 10 11 13 | 13.9
Transmutations | 6 9 11 13 14 | 14.1
Fighting       | 3 5 |  5.1
Dodging        | 5 6 |  6.6
Spellcasting   | |  2.0

Action                   |  1- 3 |  4- 6 |  7- 9 || total
-------------------------+-------+-------+-------++-------
Melee: Unarmed           |     8 |    14 |    23 ||    45
       Punch             |       |       |     1 ||     1
 Cast: Spider Form       |       |     3 |     1 ||     4
       Blade Hands       |       |       |     2 ||     2
  Use: Potion            |     1 |       |       ||     1
 Stab: Sleeping          |       |     2 |       ||     2
Armor: Robe              |     1 |       |       ||     1
Dodge: Dodged            |     1 |     6 |    11 ||    18
